 Dungeon Crawl Stone Soup version 0.31-a0-1606-g60c5cc7444 (webtiles) character file.

Game seed: 4437877555327715161

1900 NoAnimeNoLife the Fighter (level 9, -1/72 HPs)
             Began as a Djinni Hedge Wizard on Jan 8, 2024.
             Was an Initiate of Makhleb.
             Slain by a white imp (3 damage)
             ... on level 6 of the Dungeon.
             The game lasted 00:12:23 (7425 turns).

NoAnimeNoLife the Fighter (Djinni Hedge Wizard)     Turns: 7425, Time: 00:12:24

Health: -1/72      AC:  5    Str:  9    XL:     9   Next: 38%
Gold:   286        EV: 12    Int: 20    God:    Makhleb [......] SH:  0 Dex: 13

rFire   + + .        g - +4 quarterstaff (chaos)
rCold   x . .        (shield currently unavailable)
rNeg    . . .        b - +0 robe
rPois   ∞            k - +0 helmet
rElec   .            n - +0 cloak
rCorr   .            (no gloves)
SInv    .            (boots unavailable)
Will    .....        (no amulet)
Stlth   ++           (no ring)
HPRegen 0.32/turn    (no ring)
MPRegen 0.00/turn

%: clarity, infuse magic (-2 HP)
@: mighty, about to teleport, attractive, flying
A: sickness immunity, fire resistance 2, cold vulnerability 1, float, innate
caster, HP casting, extra vitality 1, clarity, deterioration 1, shaggy fur 1
a: Renounce Religion


You were on level 6 of the Dungeon.
You worshipped Makhleb.
Makhleb was noncommittal.
You visited 1 branch of the dungeon, and saw 6 of its levels.

You collected 286 gold pieces.

Inventory:

Hand Weapons
 a - a +0 dagger
 g - a +4 quarterstaff of chaos (weapon)
 l - a +0 dagger of draining
Missiles
 t - 2 throwing nets
Armour
 b - a +0 robe (worn)
 c - a +0 hat
 k - a +0 helmet (worn)
 n - a +0 cloak (worn)
Wands
 m - a wand of iceblast (10) {@v2}
Scrolls
 e - a scroll of teleportation {@r2}
 j - a scroll of silence
 p - 2 scrolls of identify {@r1}
 q - a scroll of brand weapon {unknown}
 s - a scroll of enchant weapon {unknown}
 u - 2 scrolls of revelation {@r4}
 v - a scroll of immolation
Potions
 d - a potion of curing {unknown}
 f - a potion of haste {unknown}
 h - a potion of heal wounds {unknown}
 i - a potion of attraction
 o - 2 potions of might {@q3}


   Skills:
 + Level 9.3 Fighting
 - Level 2.4 Dodging
 - Level 1.8 Stealth
 - Level 6.0 Spellcasting
 - Level 6.0 Conjurations
 - Level 6.0 Hexes
 - Level 6.0 Summonings
 - Level 6.0 Necromancy
 - Level 6.0 Translocations
 - Level 6.0 Fire Magic
 - Level 6.0 Ice Magic
 - Level 6.0 Air Magic
 - Level 6.0 Earth Magic
 - Level 6.0 Alchemy


You knew the following spells:

 Your Spells              Type           Power      Damage    Failure   Level
a - Magic Dart            Conj           100%       1d8       1%          1
b - Searing Ray           Conj           60%        2d6       1%          2
c - Frozen Ramparts       Ice            60%        1d10      2%          3
d - Call Imp              Summ           60%        N/A       1%          2
e - Mephitic Cloud        Conj/Alch/Air  30%        N/A       2%          3
f - Necrotise             Necr           100%       1d9       1%          1
g - Slow                  Hex            100%       N/A       1%          1
h - Swiftness             Air            30%        N/A       2%          3
i - Blink                 Tloc           60%        N/A       1%          2
Your spell library was empty.

Dungeon Overview and Level Annotations

Branches:
Dungeon (6/15)
 Temple: D:4-7

Altars:
Ashenzari
Makhleb
Okawaru

Shops:
D:4 :   D:5 [

Annotations:
D:6 Grinder


Innate Abilities, Weirdness & Mutations

You are immune to sickness and miasma.
You are immune to poison.
Your flesh is very heat resistant. (rF++)
You are vulnerable to cold. (rC-)
You float through the air rather than walking.
You learn spells naturally, not from books.
Your magical power is your life essence.
You have superior vitality. (+4 MHP)
You possess an exceptional clarity of mind.
Your body sometimes deteriorates upon taking damage.
You are covered in fur. (AC +1)


Message History

The searing ray hits Grinder!
Grinder is severely wounded.
Grinder gestures at you.
You suddenly lose the ability to move!
Grinder gestures at you. Pain shoots through your body!
* * * LOW HITPOINT WARNING * * *
Grinder blinks!
Grinder gestures at you. You resist with some effort. Grinder gestures at you.
Pain shoots through your body!
* * * LOW HITPOINT WARNING * * *
You can move again.
Casting: Searing Ray (safe; 1% risk of failure)
Confirm with . or Enter, or press ? or * to list all spells.
Okay, then.
Okay, then.
As you read the scroll of teleportation {@r2}, it crumbles to dust.
You feel strangely unstable.
It was a potion of might.
You feel very mighty all of a sudden. Grinder gestures at you.
You resist with significant effort.
The white imp hits you but does no damage.
It was a potion of attraction.
You feel attractive to monsters. The white imp hits you.
* * * LOW HITPOINT WARNING * * *
The white imp freezes you!
You feel a terrible chill!
* * * LOW HITPOINT WARNING * * *
Okay, then.
It was a potion of mutation.
You feel extremely strange.
You feel yourself wasting away.
Your thoughts seem clearer.
Fur sprouts all over your body. Grinder closely misses you.
The white imp hits you.
* * * LOW HITPOINT WARNING * * *
The white imp freezes you.
You feel a terrible chill!
You die...

##### #+#...#+#..#.#
#...#... #.# ##+#####
#.# . #.# #.### #.'...'
###...### # #.....5.#
#. #@# ####.### #5#
.......# # ##.####
#...... #. #.....#
#....8. +#..#.....#
####.[. ....###...##
#.###
...........#########.8.
........#....##...#.###
...#....###..%....##...


You could see Grinder and a white imp.

Vanquished Creatures
  An ugly thing (D:6)
  Eustachio (D:6)
  A water moccasin (D:5)
  An ice beast (D:5)
  A sky beast (D:5)
  An ogre (D:5)
  A centaur (D:6)
  A howler monkey (D:6)
  A bombardier beetle (D:5)
  6 hounds
  3 jellies
  2 gnoll boudas
  3 sleepcaps
  Crazy Yiuf (D:3)
  An iguana (D:4)
  2 orc wizards
  Robin (D:2)
  9 gnolls
  10 adders
  A dart slug (D:4)
  A ribbon worm (D:5)
  20 orcs
  7 ball pythons
  8 endoplasms
  3 giant cockroaches
  12 goblins
  10 hobgoblins
  12 jackals
  8 kobolds
  8 quokkas
  5 bats
  4 frilled lizards
  3 rats
149 creatures vanquished.

Vanquished Creatures (collateral kills)
  An orc (D:3)
1 creature vanquished.

Grand Total: 150 creatures vanquished

Notes
Turn   | Place    | Note
-------+----------+-------------------------------------------
     0 | D:1      | NoAnimeNoLife the Djinni Hedge Wizard began the quest for
                  | the Orb.
     0 | D:1      | NoAnimeNoLife set off with the following spells memorised:
                  | Magic Dart, Slow, Blink, Call Imp, Mephitic Cloud.
     0 | D:1      | Reached XP level 1. HP: 15/15 MP: 0/0
   240 | D:1      | Reached XP level 2. HP: 19/21 MP: 0/0
   835 | D:2      | Reached XP level 3. HP: 23/25 MP: 0/0
   835 | D:2      | Learned a level 1 spell: Necrotise
  1423 | D:2      | Reached XP level 4. HP: 29/31 MP: 0/0
  2101 | D:3      | Noticed Robin
  2416 | D:2      | Killed Robin
  2417 | D:2      | Reached XP level 5. HP: 30/35 MP: 0/0
  2417 | D:2      | Learned a level 2 spell: Searing Ray
  2847 | D:3      | Found a runed translucent door.
  2848 | D:3      | Noticed Crazy Yiuf
  3041 | D:3      | You are sucked into a shaft and drop 2 floors!
  3041 | D:5      | Entered Level 5 of the Dungeon
  3163 | D:4      | Reached skill level 5 in Spellcasting
  3163 | D:4      | Reached skill level 5 in Conjurations
  3163 | D:4      | Reached skill level 5 in Hexes
  3163 | D:4      | Reached skill level 5 in Summonings
  3163 | D:4      | Reached skill level 5 in Necromancy
  3163 | D:4      | Reached skill level 5 in Translocations
  3163 | D:4      | Reached skill level 5 in Fire Magic
  3163 | D:4      | Reached skill level 5 in Ice Magic
  3163 | D:4      | Reached skill level 5 in Air Magic
  3163 | D:4      | Reached skill level 5 in Earth Magic
  3163 | D:4      | Reached skill level 5 in Alchemy
  3166 | D:4      | Reached XP level 6. HP: 20/40 MP: 0/0
  3798 | D:3      | Found a faded altar of an unknown god.
  3933 | D:3      | Killed Crazy Yiuf
  4131 | D:4      | Found Kestexed's Tiny Tomes.
  4291 | D:4      | HP: 2/40 [gnoll/+0 spear[a gnoll bouda] (2)]
  4451 | D:4      | Reached XP level 7. HP: 45/45 MP: 0/0
  4451 | D:4      | Learned a level 3 spell: Swiftness
  4700 | D:4      | Reached skill level 1 in Fighting
  4785 | D:4      | Found a burning altar of Makhleb.
  4790 | D:4      | Reached skill level 2 in Fighting
  4845 | D:4      | Found a broken altar of Ashenzari.
  5128 | D:5      | Reached skill level 3 in Fighting
  5370 | D:5      | Found Engyt's Antique Armour Shop.
  5418 | D:5      | Reached skill level 4 in Fighting
  5418 | D:5      | Reached XP level 8. HP: 44/58 MP: 0/0
  5432 | D:5      | Reached skill level 5 in Fighting
  5775 | D:5      | Found an iron altar of Okawaru.
  5786 | D:5      | Reached skill level 6 in Fighting
  6204 | D:4      | Became a worshipper of Makhleb the Destroyer
  6781 | D:6      | Noticed Eustachio
  6792 | D:6      | Killed Eustachio
  6793 | D:6      | Reached skill level 7 in Fighting
  6793 | D:6      | Noticed a cyan ugly thing
  6813 | D:6      | Killed a cyan ugly thing
  6814 | D:6      | Reached skill level 8 in Fighting
  6814 | D:6      | Reached XP level 9. HP: 21/71 MP: 0/0
  6814 | D:6      | Learned a level 3 spell: Frozen Ramparts
  7159 | D:6      | Reached skill level 9 in Fighting
  7401 | D:6      | Noticed Grinder
  7417 | D:6      | Paralysed by Grinder for 5 turns
  7425 | D:6      | Gained mutation: Your body sometimes deteriorates upon
                  | taking damage. [potion of mutation]
  7425 | D:6      | Gained mutation: You possess an exceptional clarity of
                  | mind. [potion of mutation]
  7425 | D:6      | Gained mutation: You are covered in fur. (AC +1) [potion of
                  | mutation]
  7425 | D:6      | HP: 2/72 [white imp (3)]
  7425 | D:6      | Slain by a white imp

Illustrated notes

Levels and vault maps discovered:
D:1:      zelgadis_glass_arrival_large, layout_basic
D:2:      minmay_alternating_diamond, layout_loops_corners, basic_altar
D:3:      layout_loops_ring, shapermc_ecumenical_altar_rom_forum,
          uniq_crazy_yiuf_cottage, uniq_robin
D:4:      minmay_skewed_foursquare, layout_basic, ashenzari_altar_1,
          makhleb_blood_cavern_becter, nicolae_shop_i_like_small_books_too
D:5:      layout_basic, mainiacjoe_overflow_small_starburst, serial_shops, shop,
          kennysheep_opposing_triangles
D:6:      nicolae_cairo_tiling_large, layout_rooms,
          nicolae_twisty_statue_hallways, uniq_eustachio, uniq_grinder,
          uniq_sigmund

Skill      XL: |  1  2  3  4  5  6  7  8  9 |
---------------+----------------------------+-----
Spellcasting   | 4 5 6 |  6.0
Conjurations   | 4 5 6 |  6.0
Hexes          | 4 5 6 |  6.0
Summonings     | 4 5 6 |  6.0
Necromancy     | 4 5 6 |  6.0
Translocations | 4 5 6 |  6.0
Fire Magic     | 4 5 6 |  6.0
Ice Magic      | 4 5 6 |  6.0
Air Magic      | 4 5 6 |  6.0
Earth Magic    | 4 5 6 |  6.0
Alchemy        | 4 5 6 |  6.0
Fighting       | 4 8 9 |  9.3
Dodging        | |  2.4
Stealth        | |  1.8

Action                     |  1- 3 |  4- 6 |  7- 9 || total
---------------------------+-------+-------+-------++-------
  Melee: Dagger            |       |     1 |       ||     1
         Quarterstaff      |       |     1 |       ||     1
   Cast: Magic Dart        |    83 |    99 |    95 ||   277
         Necrotise         |       |    21 |       ||    21
         Mephitic Cloud    |       |     6 |    11 ||    17
         Blink             |       |     1 |     1 ||     2
         Searing Ray       |       |    16 |    31 ||    47
         Slow              |       |       |    12 ||    12
         Call Imp          |       |       |     3 ||     3
         Frozen Ramparts   |       |       |     5 ||     5
  Evoke: Wand              |       |     2 |     1 ||     3
    Use: Scroll            |       |     6 |     1 ||     7
         Potion            |       |       |     3 ||     3
 Armour: Robe              |     8 |    44 |    48 ||   100
  Dodge: Dodged            |     5 |    36 |    41 ||    82

Table legend: (Time is in decaauts)
 A = Elapsed time spent in this place.
 B = Non-inter-level travel time spent in this place.
 C = Inter-level travel time spent in this place.
 D = Time resting spent in this place.
 E = Time spent auto-exploring this place.
 F = Levels seen in this place.
 G = Mean time per level.
                   A        B        C        D        E       F      G
               +--------+--------+--------+--------+--------+-----+--------+
         Total |   7428 |   7122 |    306 |   1665 |   4483 |   6 | 1238.0 |
       Dungeon |   7428 |   7122 |    306 |   1665 |   4483 |   6 | 1238.0 |
               +--------+--------+--------+--------+--------+-----+--------+

Top non-repeatable levels by time:
     D:5: 1878 daAuts
     D:2: 1727 daAuts
     D:3: 1416 daAuts
     D:4: 1186 daAuts
     D:1: 823 daAuts
     D:6: 398 daAuts
